TOP OF THE 1ST |
West Virginia Power batting - Pitching for Beaumont Roughnecks : RHP Stan Roberts
|
Pitching: RHP Stan Roberts
|
|
Batting: RHB Matt Tucker
|
0-0: Ball 1-0: Fly out, F9 (Flyball, 9)
|
Batting: RHB Pedro Echevarría
|
0-0: Ball 1-0: Foul Ball, location: 2F 1-1: Ball 2-1: Ball 3-1: Base on Balls
|
Batting: RHB Joe Salas
|
0-0: Ball 1-0: Ball 2-0: Fly out, F8 (Flyball, 8LM)
|
Batting: SHB Patrizio Batistuta
|
0-0: Ball 1-0: Foul Ball, location: 2F 1-1: Ball 2-1: Foul Ball, location: 2F 2-2: Ball 3-2: Strikes out looking
|
Top of the 1st over - 0 runs, 0 hits, 0 errors, 1 left on base; West Virginia 0 - Beaumont 0 |
BOTTOM OF THE 1ST |
Beaumont Roughnecks batting - Pitching for West Virginia Power : RHP Steve Pérez
|
Pitching: RHP Steve Pérez
|
|
Batting: RHB Jeff Vickers
|
0-0: Swinging Strike 0-1: Ball 1-1: Foul Ball, location: 2F 1-2: Strikes out swinging
|
Batting: RHB Cole Boehmer
|
0-0: Ball 1-0: Foul Ball, location: 2F 1-1: Ball 2-1: Called Strike 2-2: Ball 3-2: DOUBLE (Line Drive, 78D)
|
Batting: LHB Corey MacGregor
|
0-0: Ball 1-0: Called Strike 1-1: Ground out 2-3 (Groundball, 2R) Cole Boehmer to third
|
Batting: SHB Miguel González
|
0-0: Foul Ball, location: 2F 0-1: Foul Ball, location: 2F 0-2: Foul Ball, location: 2F 0-2: Strikes out swinging
|
Bottom of the 1st over - 0 runs, 1 hit, 0 errors, 1 left on base; West Virginia 0 - Beaumont 0 |
TOP OF THE 2ND |
West Virginia Power batting - Pitching for Beaumont Roughnecks : RHP Stan Roberts
|
Batting: RHB Millard Walker
|
0-0: Called Strike 0-1: Ground out 3-1 (Groundball, 34)
|
Batting: RHB Joaquín Vásquez
|
0-0: Ball 1-0: Called Strike 1-1: Foul Ball, location: 2F 1-2: Ball 2-2: Ball 3-2: Strikes out swinging
|
Batting: LHB Wilson Turner
|
0-0: Ground out 3-1 (Groundball, 34)
|
Top of the 2nd over - 0 runs, 0 hits, 0 errors, 0 left on base; West Virginia 0 - Beaumont 0 |
BOTTOM OF THE 2ND |
Beaumont Roughnecks batting - Pitching for West Virginia Power : RHP Steve Pérez
|
Batting: RHB Jim MacAchounich
|
0-0: Ball 1-0: Ball 2-0: Ball 3-0: Called Strike 3-1: Foul Ball, location: 2F 3-2: Base on Balls
|
Batting: LHB John Fitzgerald
|
0-0: Ball 1-0: Called Strike 1-1: Foul Ball, location: 2F 1-2: Ball 2-2: Ball 3-2: Foul Ball, location: 2F 3-2: Base on Balls Jim MacAchounich to second
|
Batting: SHB Walton Locke
|
0-0: Called Strike 0-1: Ball 1-1: Ball 2-1: Ball 3-1: Foul Ball, location: 2F 3-2: Foul Ball, location: 2F 3-2: Base on Balls Jim MacAchounich to third John Fitzgerald to second
|
Batting: SHB Miguel Hurtado
|
0-0: Ball 1-0: Called Strike 1-1: Ball 2-1: SINGLE (Line Drive, 4MD) Jim MacAchounich scores John Fitzgerald to third Walton Locke to second
|
Batting: LHB Roberto Félix
|
0-0: Foul Ball, location: 2F 0-1: Ball 1-1: Ball 2-1: Ball 3-1: Foul Ball, location: 2F 3-2: Strikes out looking
|
Batting: RHB Jeff Vickers
|
0-0: Called Strike 0-1: Ball 1-1: Swinging Strike 1-2: Ball 2-2: TRIPLE (Flyball, 8LXD) John Fitzgerald scores Walton Locke scores Miguel Hurtado scores
|
Batting: RHB Cole Boehmer
|
0-0: Ball Passed Ball! Jeff Vickers scores 1-0: SINGLE (Groundball, 56D)
|
Batting: LHB Corey MacGregor
|
0-0: Foul Ball, location: 2F 0-1: Ball 1-1: Foul Ball, location: 2F 1-2: Strikes out swinging
|
Batting: SHB Miguel González
|
0-0: Foul Ball, location: 2F 0-1: Fielders Choice at 2nd, 6-4 (Groundball, 6)
|
Bottom of the 2nd over - 5 runs, 3 hits, 0 errors, 1 left on base; West Virginia 0 - Beaumont 5 |
TOP OF THE 3RD |
West Virginia Power batting - Pitching for Beaumont Roughnecks : RHP Stan Roberts
|
Batting: RHB Vaughan Shelton
|
0-0: Ball 1-0: Foul Ball, location: 2F 1-1: Ball 2-1: Foul Ball, location: 2F 2-2: Fly out, F7 (Flyball, 7)
|
Batting: RHB Nick Mackin
|
0-0: Fly out, F7 (Flyball, 7S)
|
Batting: RHB Matt Tucker
|
0-0: Ball 1-0: Ball 2-0: DOUBLE (Popup, 3D)
|
Batting: RHB Pedro Echevarría
|
0-0: Called Strike 0-1: Ball 1-1: Swinging Strike 1-2: Foul Ball, location: 2F 1-2: SINGLE (Flyball, 9LM) Matt Tucker to third Runner from 3rd tries for Home, SAFE, throw made home
|
Batting: RHB Joe Salas
|
0-0: Ball 1-0: Ball 2-0: Fly out, F8 (Line Drive, 8LD)
|
Top of the 3rd over - 1 run, 2 hits, 0 errors, 1 left on base; West Virginia 1 - Beaumont 5 |
BOTTOM OF THE 3RD |
Beaumont Roughnecks batting - Pitching for West Virginia Power : RHP Steve Pérez
|
Batting: RHB Jim MacAchounich
|
0-0: Ball 1-0: Ground out 5-3 (Groundball, 25)
|
Batting: LHB John Fitzgerald
|
0-0: Ball 1-0: Called Strike 1-1: Ball 2-1: Foul Ball, location: 2F 2-2: Strikes out looking
|
Batting: SHB Walton Locke
|
0-0: Called Strike 0-1: Ball 1-1: Ball 2-1: Ball 3-1: Base on Balls
|
Batting: SHB Miguel Hurtado
|
0-0: Reached via error on a dropped throw, E1 Walton Locke to second
|
Batting: LHB Roberto Félix
|
0-0: Called Strike 0-1: Ball 1-1: Swinging Strike 1-2: Fly out, F7 (Flyball, 7S)
|
Bottom of the 3rd over - 0 runs, 0 hits, 1 error, 2 left on base; West Virginia 1 - Beaumont 5 |
TOP OF THE 4TH |
West Virginia Power batting - Pitching for Beaumont Roughnecks : RHP Stan Roberts
|
Batting: SHB Patrizio Batistuta
|
0-0: Fly out, F8 (Flyball, 8RXD)
|
Batting: RHB Millard Walker
|
0-0: Called Strike 0-1: Swinging Strike 0-2: Foul Ball, location: 2F 0-2: Ball 1-2: Strikes out swinging
|
Batting: RHB Joaquín Vásquez
|
0-0: Ball 1-0: Called Strike 1-1: Ball 2-1: Swinging Strike 2-2: Foul Ball, location: 2F 2-2: Strikes out swinging
|
Top of the 4th over - 0 runs, 0 hits, 0 errors, 0 left on base; West Virginia 1 - Beaumont 5 |
BOTTOM OF THE 4TH |
Beaumont Roughnecks batting - Pitching for West Virginia Power : RHP Steve Pérez
|
Batting: RHB Jeff Vickers
|
0-0: Foul Ball, location: 2F 0-1: Swinging Strike 0-2: SINGLE (Flyball, 89S)
|
Batting: RHB Cole Boehmer
|
0-0: Called Strike 0-1: Fly out, F9 (Flyball, 9S)
|
Batting: LHB Corey MacGregor
|
0-0: Called Strike 0-1: Called Strike 0-2: Foul Ball, location: 2F 0-2: Ball 1-2: SINGLE (Groundball, 34D) Jeff Vickers to second Runner from 2nd tries for 3rd, SAFE, no throw
|
Pitching: RHP Eric Murphy
|
|
Batting: SHB Miguel González
|
0-0: Called Strike 0-1: Ball 1-1: Called Strike 1-2: Ball 2-2: Strikes out looking
|
Batting: RHB Jim MacAchounich
|
0-0: Ball 1-0: Ball 2-0: Foul Ball, location: 2F 2-1: Foul Ball, location: 2F 2-2: Fly out, F8 (Flyball, 8RS)
|
Bottom of the 4th over - 0 runs, 2 hits, 0 errors, 2 left on base; West Virginia 1 - Beaumont 5 |
TOP OF THE 5TH |
West Virginia Power batting - Pitching for Beaumont Roughnecks : RHP Stan Roberts
|
Batting: LHB Wilson Turner
|
0-0: Ball 1-0: Swinging Strike 1-1: Ball 2-1: Swinging Strike 2-2: Ball 3-2: Base on Balls
|
Batting: RHB Vaughan Shelton
|
0-0: Ground out U3 (Groundball, 34) Wilson Turner to second
|
Batting: RHB Nick Mackin
|
0-0: Ball 1-0: Ball 2-0: Ball 3-0: Base on Balls
|
Batting: RHB Matt Tucker
|
0-0: Ground out U3 (Groundball, 34S) Wilson Turner to third Nick Mackin to second
|
Batting: RHB Pedro Echevarría
|
0-0: SINGLE (Line Drive, 89S) Wilson Turner scores Nick Mackin to third Runner from 3rd tries for Home, SAFE, throw made home
|
Batting: RHB Joe Salas
|
0-0: Ball 1-0: Ball 2-0: Foul Ball, location: 2F 2-1: Ball 3-1: Foul Ball, location: 2F 3-2: Ground out 4-3 (Groundball, 4)
|
Top of the 5th over - 2 runs, 1 hit, 0 errors, 1 left on base; West Virginia 3 - Beaumont 5 |
BOTTOM OF THE 5TH |
Beaumont Roughnecks batting - Pitching for West Virginia Power : RHP Eric Murphy
|
Batting: LHB John Fitzgerald
|
0-0: Foul Ball, location: 2F 0-1: Ball 1-1: Ball 2-1: Foul Ball, location: 2F 2-2: Strikes out swinging
|
Batting: SHB Walton Locke
|
0-0: Ball 1-0: Ball 2-0: Ball 3-0: Base on Balls
|
Batting: SHB Miguel Hurtado
|
0-0: Ball 1-0: Called Strike 1-1: Called Strike Throwing error on steal attempt, E2 Walton Locke to third 1-2: Fly out, F8 (Line Drive, 8RM) Runner from 3rd tags up, SCORES, throw made
|
Batting: LHB Roberto Félix
|
0-0: Swinging Strike 0-1: Ball 1-1: Foul Ball, location: 2F 1-2: Ball 2-2: Strikes out looking
|
Bottom of the 5th over - 1 run, 0 hits, 1 error, 0 left on base; West Virginia 3 - Beaumont 6 |
TOP OF THE 6TH |
West Virginia Power batting - Pitching for Beaumont Roughnecks : RHP Stan Roberts
|
Batting: SHB Patrizio Batistuta
|
0-0: Called Strike 0-1: Foul Ball, location: 2F 0-2: Ball 1-2: Ball 2-2: Ball 3-2: Fly out, F7 (Flyball, 7LS)
|
Batting: RHB Millard Walker
|
0-0: Called Strike 0-1: Called Strike 0-2: SINGLE (Groundball, 56D)
|
Batting: RHB Joaquín Vásquez
|
0-0: Grounds into double play, 4-6-3 (Groundball, 4)
|
Top of the 6th over - 0 runs, 1 hit, 0 errors, 0 left on base; West Virginia 3 - Beaumont 6 |
BOTTOM OF THE 6TH |
Beaumont Roughnecks batting - Pitching for West Virginia Power : RHP Eric Murphy
|
Batting: RHB Jeff Vickers
|
0-0: Ball 1-0: Ball 2-0: Called Strike 2-1: Ball 3-1: Foul Ball, location: 2F 3-2: Foul Ball, location: 2F 3-2: Strikes out swinging
|
Batting: RHB Cole Boehmer
|
0-0: Ball 1-0: Ball 2-0: Called Strike 2-1: Ball 3-1: Base on Balls
|
Batting: LHB Corey MacGregor
|
0-0: Ball 1-0: Fly out, F2 (Popup, 2L)
|
Batting: SHB Miguel González
|
0-0: Called Strike 0-1: Called Strike 0-2: Strikes out looking
|
Bottom of the 6th over - 0 runs, 0 hits, 0 errors, 1 left on base; West Virginia 3 - Beaumont 6 |
TOP OF THE 7TH |
West Virginia Power batting - Pitching for Beaumont Roughnecks : RHP Stan Roberts
|
Pitching: RHP Juan Villa
|
|
Batting: LHB Wilson Turner
|
0-0: Called Strike 0-1: Called Strike 0-2: Strikes out swinging
|
Batting: RHB Vaughan Shelton
|
0-0: Ball 1-0: Swinging Strike 1-1: Foul Ball, location: 2F 1-2: Ball 2-2: Foul Ball, location: 2F 2-2: Ball 3-2: Foul Ball, location: 2F 3-2: Fly out, F5 (Line Drive, 5S)
|
Batting: RHB Nick Mackin
|
0-0: Foul Ball, location: 2F 0-1: Ball 1-1: Called Strike 1-2: Fly out, F9 (Flyball, 89M)
|
Top of the 7th over - 0 runs, 0 hits, 0 errors, 0 left on base; West Virginia 3 - Beaumont 6 |
BOTTOM OF THE 7TH |
Beaumont Roughnecks batting - Pitching for West Virginia Power : RHP Eric Murphy
|
Batting: RHB Jim MacAchounich
|
0-0: Ball 1-0: Ball 2-0: Ball 3-0: Called Strike 3-1: Base on Balls
|
Batting: LHB John Fitzgerald
|
Pickoff Throw to First - Out! 0-0: Ball 1-0: Foul Ball, location: 2F 1-1: Ball 2-1: Ball 3-1: Called Strike 3-2: Fly out, F3 (Popup, 3L)
|
Batting: SHB Walton Locke
|
0-0: Ball 1-0: SOLO HOME RUN (Flyball, 89XD), Distance : 404 ft
|
Batting: SHB Miguel Hurtado
|
0-0: Ball 1-0: Swinging Strike 1-1: Hit by Pitch
|
Pitching: RHP Albert Scott
|
|
Batting: LHB Roberto Félix
|
0-0: Called Strike 0-1: Foul Ball, location: 2F 0-2: Fielders Choice at 2nd, 6-4 (Groundball, 6)
|
Bottom of the 7th over - 1 run, 1 hit, 0 errors, 1 left on base; West Virginia 3 - Beaumont 7 |
TOP OF THE 8TH |
West Virginia Power batting - Pitching for Beaumont Roughnecks : RHP Juan Villa
|
Batting: RHB Matt Tucker
|
0-0: Swinging Strike 0-1: Called Strike 0-2: Strikes out swinging
|
Batting: RHB Pedro Echevarría
|
0-0: Ball 1-0: Ball 2-0: Called Strike 2-1: Foul Ball, location: 2F 2-2: Foul Ball, location: 2F 2-2: Foul Ball, location: 2F 2-2: Fly out, F2 (Popup, 2RF)
|
Batting: RHB Joe Salas
|
0-0: Ball 1-0: Fly out, F8 (Flyball, 8RD)
|
Top of the 8th over - 0 runs, 0 hits, 0 errors, 0 left on base; West Virginia 3 - Beaumont 7 |
BOTTOM OF THE 8TH |
Beaumont Roughnecks batting - Pitching for West Virginia Power : RHP Albert Scott
|
Batting: RHB Jeff Vickers
|
0-0: Called Strike 0-1: Foul Ball, location: 2F 0-2: Foul Ball, location: 2F 0-2: Strikes out swinging
|
Batting: RHB Cole Boehmer
|
0-0: Ground out 4-3 (Groundball, 4D)
|
Batting: LHB Corey MacGregor
|
0-0: Called Strike 0-1: Foul Ball, location: 2F 0-2: Strikes out swinging
|
Bottom of the 8th over - 0 runs, 0 hits, 0 errors, 0 left on base; West Virginia 3 - Beaumont 7 |
TOP OF THE 9TH |
West Virginia Power batting - Pitching for Beaumont Roughnecks : RHP Juan Villa
|
Batting: SHB Patrizio Batistuta
|
0-0: Ball 1-0: Swinging Strike 1-1: Foul Ball, location: 2F 1-2: Ball 2-2: Strikes out swinging
|
Batting: RHB Millard Walker
|
0-0: Called Strike 0-1: Foul Ball, location: 2F 0-2: Foul Ball, location: 2F 0-2: Ball 1-2: Ball 2-2: Strikes out looking
|
Batting: RHB Joaquín Vásquez
|
0-0: Ball 1-0: Foul Ball, location: 2F 1-1: Swinging Strike 1-2: Strikes out looking
|
Top of the 9th over - 0 runs, 0 hits, 0 errors, 0 left on base; West Virginia 3 - Beaumont 7 |
|